 Dungeon Crawl Stone Soup version 0.27-a0-1513-g2aaa0cc67b (webtiles) character file.

Game seed: 6681138767716082881

4843 quinnr the Zephyrmancer (level 10, -6/56 HPs)
             Began as a Tengu Air Elementalist on July 9, 2021.
             Was a Follower of Vehumet.
             Mangled by Harold (10 damage)
             ... on level 8 of the Dungeon.
             The game lasted 00:24:50 (12299 turns).

quinnr the Zephyrmancer (Tengu Air Elementalist)   Turns: 12299, Time: 00:24:51

Health: -6/56      AC:  2    Str:  9    XL:     10   Next: 49%
Magic:  0/21       EV: 13    Int: 18    God:    Vehumet [*.....]
Gold:   392        SH:  0    Dex: 17    Spells: 18/23 levels left

rFire    . . .     SeeInvis .   q - +4 dagger of Aczos {speed, Dex+2}
rCold    . . .     Faith    .   g - +0 buckler
rNeg     . . .     Spirit   .   a - +0 robe
rPois    .         Reflect  .   (helmet restricted)
rElec    .         Harm     .   (no cloak)
rCorr    .         Rampage  .   (no gloves)
Will     .....                  (boots unavailable)
Stlth    +++.......             u - amulet of regeneration
HPRegen  1.18/turn              D - +4 ring of evasion
MPRegen  0.17/turn              (no ring)

@: marked, flying quickly and evasively, held, quick
A: beak, talons 3, nimble flight
a: Renounce Religion


You were on level 8 of the Dungeon.
You worshipped Vehumet.
Vehumet was aware of your devotion.
You visited 2 branches of the dungeon, and saw 9 of its levels.
You also visited: Ossuary.

You collected 392 gold pieces.

Inventory:

Hand Weapons
 m - a +3 dagger of venom
 q - the +4 dagger of Aczos (weapon) {speed, Dex+2}
   (You found it on level 7 of the Dungeon)

   Attacks with this weapon are significantly faster.
   Dex:       It affects your dexterity (+2).
 x - the +11 spear of Xirraijo {drain, Str+3}
   (You found it on level 5 of the Dungeon)

   A truly terrible weapon, it drains the life of those it strikes.
   Str:       It affects your strength (+3).
Missiles
 b - 6 boomerangs of dispersal
 j - 33 poisoned darts
 C - a curare-tipped dart
Armour
 a - a +0 robe (worn)
 g - a +0 buckler (worn)
Magical Staves
 y - a staff of earth
Jewellery
 u - an amulet of regeneration (around neck)
 A - a ring of ice
 D - a +4 ring of evasion (left hand)
Wands
 B - a wand of mindburst (15)
Scrolls
 f - 3 scrolls of enchant weapon
 l - 7 scrolls of noise
 s - 3 scrolls of immolation
 z - 3 scrolls of teleportation
Potions
 c - a potion of ambrosia
 d - 3 potions of brilliance {unknown}
 e - 3 potions of degeneration {unknown}
 h - 4 potions of flight {unknown}
 i - 3 potions of heal wounds {unknown}
 k - 4 potions of lignification {unknown}
 n - a potion of resistance
 o - a potion of invisibility
 p - 3 potions of curing
 r - 3 potions of mutation {unknown}
 t - a potion of berserk rage {unknown}
 v - a potion of attraction
 w - a potion of cancellation


   Skills:
 - Level 3.0 Fighting
 - Level 7.0 Dodging
 + Level 3.9 Stealth
 - Level 1.0 Shields
 - Level 7.0 Spellcasting
 - Level 4.9 Conjurations
 + Level 13.0 Air Magic
 + Level 2.1 Evocations


You had 18 spell levels left.
You knew the following spells:

 Your Spells              Type           Power      Damage    Failure   Level
a - Shock                 Conj/Air       100%       1d9       1%          1
b - Airstrike             Air            26%        N/A       1%          4

Your spell library contained the following spells:

 Spells                   Type           Power      Damage    Failure   Level
 Magic Dart               Conj           92%        1d7       2%          1
 Static Discharge         Conj/Air       38%        N/A       1%          2
 Swiftness                Air            52%        N/A       1%          3
 Foxfire                  Conj/Fire      60%        2x1d7     6%          1
 Beastly Appendage        Tmut           12%        N/A       16%         1
 Sandblast                Erth           12%        2d6       16%         1
 Conjure Flame            Conj/Fire      15%        6-21      17%         3
 Passwall                 Tmut/Erth      5%         N/A       24%         2
 Wereblood                Tmut           6%         N/A       24%         2
 Inner Flame              Hex/Fire       6%         N/A       43%         3
 Spider Form              Tmut/Pois      3%         N/A       43%         3
 Lee's Rapid Deconstruct  Erth           3%         3d6*      99%         5


Dungeon Overview and Level Annotations

Branches:
Dungeon (8/15)             Temple (1/1) D:7            Lair (0/6) D:8
Ossuary (visited)

Altars:
Ashenzari
Cheibriados
Dithmenos
Elyvilon
Fedhas
Gozag
Hepliaklqana
Kikubaaqudgha
Makhleb
Nemelex Xobeh
Okawaru
Qazlal
Ru
Sif Muna
Trog
Uskayaw
Vehumet
Xom
Yredelemnul
Zin
The Shining One

Shops:
D:4 :

Annotations:
D:8 Harold


Innate Abilities, Weirdness & Mutations

You have a beak for a mouth.
You have claws for feet.
Your magical nature lets you fly swiftly and evasively.


Message History

Press: ? - help, Dir - move target, f/p - Harold
Aim: Harold, wielding a +1 scimitar of flaming, wearing a +0 chain mail and quivering a throwing net (lightly wounded)
The air twists around and strikes Harold!!
Harold is moderately wounded.
Unknown command.
Casting: Airstrike (dangerous; 1% risk of failure)
Confirm with . or Enter, or press ? or * to list all spells.
Aiming: Airstrike (dangerous; 1% risk of failure)
Press: ? - help, Dir - move target, f/p - Harold
Aim: Harold, wielding a +1 scimitar of flaming, wearing a +0 chain mail and quivering a throwing net (moderately wounded)
The air twists around and strikes Harold!!
Harold is severely wounded.
Unknown command.
Casting: Airstrike (dangerous; 1% risk of failure)
Confirm with . or Enter, or press ? or * to list all spells.
Aiming: Airstrike (dangerous; 1% risk of failure)
Press: ? - help, Dir - move target, f/p - Harold
Aim: Harold, wielding a +1 scimitar of flaming, wearing a +0 chain mail and quivering a throwing net (severely wounded)
The air twists around and strikes Harold!
Harold is severely wounded.
Harold hits you with a +1 scimitar of flaming.
Harold burns you.
Casting: Airstrike (dangerous; 1% risk of failure)
Confirm with . or Enter, or press ? or * to list all spells.
Aiming: Airstrike (dangerous; 1% risk of failure)
Press: ? - help, Dir - move target, f/p - Harold
Aim: Harold, wielding a +1 scimitar of flaming, wearing a +0 chain mail and quivering a throwing net (severely wounded)
The air twists around and strikes Harold!
Harold is almost dead.
Harold gestures at you while chanting. A sentinel's mark forms upon you.
You tear a large gash into the net.
Harold hits you with a +1 scimitar of flaming!!
Harold burns you.
Unknown command.
You struggle against the net.
Harold hits you with a +1 scimitar of flaming!!
* * * LOW HITPOINT WARNING * * *
Harold burns you!
You die...

########..
#..)......
######.)#######
#...)...#
#.......#
#.......#
######.......#
##..(##....(..#
##...@.........#
#....@.........#
#..............#
#..............#
##.............#
##...#........#
######.......#
#c......#
#....#..#


You could see Harold and a centaur.

Vanquished Creatures
  A cyclops (D:7)
  A komodo dragon (D:7)
  Grinder (D:5)
  A hornet (D:8)
  A slime creature (D:7)
  Sigmund (D:5)
  Menkaure (D:5)
  3 orc warriors
  A black bear (D:4)
  2 sky beasts
  A necrophage (D:7)
  An ogre (D:6)
  An ice beast (D:4)
  A centaur (D:5)
  The ghost of Sobieck the Chopper, an amateur FoGl (D:3)
  A phantom (D:6)
  A kobold brigand (D:8)
  A bullfrog (D:8)
  A scorpion (D:7)
  A wyvern zombie (D:7)
  A wyvern skeleton (D:5)
  10 killer bees
  6 wights
  A howler monkey (D:5)
  2 centaur zombies
  A bullfrog zombie (D:4)
  5 hounds
  A jelly (D:5)
  2 centaur skeletons
  A gnoll shaman (D:6)
  4 human zombies (Ossuary)
  5 orc priests
  2 bullfrog skeletons
  Terence (D:3)
  6 iguanas
  4 orc wizards
  4 mummies (Ossuary)
  5 adders
  12 gnolls
  A shadow imp (D:7)
  4 white imps
  An ufetubus (D:6)
  2 worms (D:3)
  4 dart slugs
  19 orcs
  5 ball pythons
  3 bats
  5 endoplasms
  3 giant cockroaches
  6 goblins
  3 hobgoblins
  3 jackals (D:4)
  3 quokkas
  3 frilled lizards
  2 hobgoblin zombies (Ossuary)
  12 kobolds
  A kobold zombie (Ossuary)
  8 rats
184 creatures vanquished.

Vanquished Creatures (others)
  6 fungi (D:4)
  6 withered plants (D:7)
12 creatures vanquished.

Grand Total: 196 creatures vanquished

Notes
Turn   | Place    | Note
-------+----------+-------------------------------------------
     0 | D:1      | quinnr the Tengu Air Elementalist began the quest for the
                  | Orb.
     0 | D:1      | Reached XP level 1. HP: 10/10 MP: 4/4
   197 | D:1      | Reached XP level 2. HP: 15/15 MP: 3/6
   350 | D:1      | Found a faded altar of an unknown god.
  1087 | D:2      | Reached XP level 3. HP: 19/19 MP: 4/7
  1140 | D:2      | Found a shimmering blue altar of Sif Muna.
  1884 | D:3      | Noticed an orc warrior
  1886 | D:3      | Reached skill level 1 in Shields
  1886 | D:3      | Reached skill level 5 in Air Magic
  1886 | D:3      | Reached XP level 4. HP: 24/24 MP: 2/8
  1993 | D:3      | Noticed Terence
  2006 | D:3      | Killed Terence
  2007 | D:3      | Reached skill level 6 in Air Magic
  2070 | D:3      | Gained mutation: Your magical nature lets you fly swiftly
                  | and evasively. [Tengu growth]
  2070 | D:3      | Reached XP level 5. HP: 28/28 MP: 4/9
  2757 | D:3      | Noticed Sobieck's ghost (amateur FoGl)
  2758 | D:3      | Found a large runed translucent door.
  2758 | D:3      | Found a large runed translucent door.
  2931 | D:3      | Reached skill level 7 in Air Magic
  3165 | D:2      | Killed an orc warrior
  3166 | D:2      | Reached skill level 8 in Air Magic
  3166 | D:2      | Reached XP level 6. HP: 15/32 MP: 6/10
  3545 | D:3      | Learned a level 4 spell: Airstrike
  3738 | D:4      | quinnr: ??distant
  3738 | D:4      | beem: portal distance[1/1]: Portal distance by adjective:
                  | very distant, >30; distant, >15; nearby, >7.
  3770 | D:4      | Found a sand-covered staircase.
  3775 | Ossuary  | Entered an ossuary
  4154 | Ossuary  | Reached skill level 9 in Air Magic
  4374 | Ossuary  | Reached XP level 7. HP: 28/36 MP: 2/11
  4834 | D:4      | Reached skill level 10 in Air Magic
  5081 | D:4      | Reached skill level 11 in Air Magic
  5279 | D:4      | Found Wasiow's Book Boutique.
  5992 | D:5      | Entered Level 5 of the Dungeon
  5992 | D:5      | Noticed Menkaure
  5993 | D:5      | Noticed Grinder
  5994 | D:5      | Killed Menkaure
  5995 | D:5      | Reached XP level 8. HP: 41/41 MP: 3/13
  6226 | D:5      | Identified the +2 barding "Zamoax" {rElec rF- Dex+2}
  6230 | D:5      | Killed Grinder
  6231 | D:5      | Reached skill level 12 in Air Magic
  6371 | D:5      | Identified the +11 spear of Xirraijo {drain, Str+3}
  6528 | D:5      | Found an iron altar of Okawaru.
  6928 | D:5      | Found a sparkling altar of Nemelex Xobeh.
  7076 | D:5      | Noticed Sigmund
  7082 | D:5      | Killed Sigmund
  7083 | D:5      | Reached skill level 5 in Spellcasting
  7083 | D:5      | Reached skill level 1 in Fighting
  7516 | D:5      | Reached XP level 9. HP: 47/47 MP: 9/17
  9339 | D:7      | Found a staircase to the Ecumenical Temple.
  9480 | Temple   | Entered the Ecumenical Temple
  9601 | Temple   | Became a worshipper of Vehumet
  9883 | D:3      | Killed Sobieck's ghost
 10114 | D:6      | Reached skill level 5 in Dodging
 10747 | D:7      | Found an ancient bone altar of Kikubaaqudgha.
 10777 | D:7      | HP: 5/50 [killer bee (6)]
 10782 | D:7      | HP: 4/50 [poisoned by a killer bee]
 10787 | D:7      | HP: 5/50 [poisoned by a killer bee]
 10918 | D:7      | Reached XP level 10. HP: 56/56 MP: 15/21
 11313 | D:7      | Identified the +4 dagger of Aczos {speed, Dex+2}
 11421 | D:7      | Reached * piety under Vehumet
 11421 | D:7      | Offered knowledge of Magic Dart by Vehumet.
 11536 | D:7      | Noticed a cyclops
 11546 | D:7      | Killed a cyclops
 11682 | D:7      | Reached skill level 1 in Evocations
 12183 | D:8      | Noticed Harold
 12190 | D:8      | Found a staircase to the Lair.
 12227 | D:7      | Reached skill level 13 in Air Magic
 12299 | D:8      | HP: 4/56 [Harold (21)]
 12299 | D:8      | Mangled by Harold

Illustrated notes

Levels and vault maps discovered:
D:1:      lightli_arrival_flooded_house, layout_basic,
          shapermc_ecumenical_altar_petra
D:2:      layout_basic, basic_altar, chequers_decorated_corner
D:3:      layout_basic, ebering_ghost_disaster_area, chequers_garden,
          uniq_terence
D:4:      layout_rooms, serial_shops, shop, serial_aquarium,
          aquarium_bridge_straight [aquarium_subvault_bridge,
          aquarium_subvault_wall, aquarium_subvault_bridge,
          aquarium_subvault_window], aquarium_window_2, aquarium_window_1,
          aquarium_window_2, aquarium_view_2d, aquarium_pool_five,
          enter_ossuary_5
D:5:      layout_gridville, mainiacjoe_overflow_24_doors,
          okawaru_metal_pillars_1_2, uniq_menkaure, uniq_grinder, uniq_sigmund
D:6:      layout_cave_pools, serial_bayou_pond_e, grunt_ministairs_11,
          minmay_increasing_density
D:7:      minmay_chambers_of_sixes, layout_rooms, kiku_gazebo_garden_becter,
          minmay_temple_entry_stoned_glass
D:8:      minmay_quarter_circles, layout_rooms, lair_entry_dummy, uniq_harold
Temple:   dpeg_five_rooms_temple

Skill      XL: |  1  2  3  4  5  6  7  8  9 10 |
---------------+-------------------------------+-----
Conjurations   | 2 4 |  4.9
Shields        | 1 |  1.0
Air Magic      | 5 6 8 9 11 12 13 | 13.0
Spellcasting   | 5 7 |  7.0
Fighting       | 1 3 |  3.0
Dodging        | 3 7 |  7.0
Stealth        | 3 |  3.9
Evocations     | 2 |  2.1

Action                   |  1- 3 |  4- 6 |  7- 9 | 10-12 || total
-------------------------+-------+-------+-------+-------++-------
Melee: Kick              |     1 |     5 |     7 |     4 ||    17
       Unarmed           |     1 |     1 |       |       ||     2
       Dagger            |       |    13 |    12 |    14 ||    39
       Peck              |       |     6 |     2 |     6 ||    14
       Spear             |       |       |    21 |       ||    21
 Cast: Shock             |    60 |   105 |    91 |    42 ||   298
       Airstrike         |       |     6 |   102 |    29 ||   137
  Use: Scroll            |       |     5 |     7 |       ||    12
       Potion            |       |       |     3 |       ||     3
Armor: Robe              |     2 |     5 |     5 |     4 ||    16
Dodge: Dodged            |     5 |    20 |    71 |    21 ||   117
Block: Buckler           |       |     3 |    14 |     5 ||    22

Table legend: (Time is in decaauts)
 A = Elapsed time spent in this place.
 B = Non-inter-level travel time spent in this place.
 C = Inter-level travel time spent in this place.
 D = Time resting spent in this place.
 E = Time spent auto-exploring this place.
 F = Levels seen in this place.
 G = Mean time per level.
                   A        B        C        D        E       F      G
               +--------+--------+--------+--------+--------+-----+--------+
         Total |  11881 |  11324 |    557 |   3084 |   6607 |  10 | 1188.1 |
       Dungeon |  10656 |  10144 |    512 |   2691 |   6036 |   8 | 1332.0 |
        Temple |    276 |    232 |     44 |      0 |    227 |   1 |  276.0 |
       Ossuary |    947 |    947 |      0 |    393 |    342 |   1 |  947.0 |
               +--------+--------+--------+--------+--------+-----+--------+

Top non-repeatable levels by time:
     D:5: 1972 daAuts
     D:7: 1676 daAuts
     D:3: 1588 daAuts
     D:2: 1556 daAuts
     D:6: 1425 daAuts
     D:4: 1385 daAuts
 Ossuary: 947 daAuts
     D:1: 682 daAuts
     D:8: 369 daAuts
  Temple: 276 daAuts
